 Dungeon Crawl Stone Soup version 0.30.1-11-g7821555f0a (webtiles) character file.

Game seed: 17587589684446091392

194 groovy9 the Chopper (level 5, -5/47 HPs)
             Began as a Minotaur Fighter on Jan 11, 2024.
             Killed by divine providence
             ... invoked by an orc priest
              (12 damage)
             ... on level 3 of the Dungeon.
             The game lasted 00:05:08 (2011 turns).

groovy9 the Chopper (Minotaur Fighter)              Turns: 2011, Time: 00:05:08

Health: -5/47      AC: 13    Str: 28    XL:     5   Next: 44%
Magic:  4/4        EV:  7    Int:  5    God:
Gold:   114        SH:  4    Dex: 10    Spells: 4/4 levels left

rFire   . . .        a - +0 war axe
rCold   . . .        c - +0 buckler
rNeg    . . .        p - +0 plate armour
rPois   .            (helmet restricted)
rElec   .            g - +0 cloak
rCorr   .            (no gloves)
SInv    .            (no boots)
Will    .....        (no amulet) Stlth
                     k - +6 ring of strength
HPRegen 0.27/turn    (no ring)
MPRegen 0.09/turn

%: no passive effects
@: mighty
A: horns 2, retaliatory headbutt
a: no special abilities


You were on level 3 of the Dungeon.
You visited 1 branch of the dungeon, and saw 3 of its levels.

You collected 114 gold pieces.

Inventory:

Hand Weapons
 a - a +0 war axe (weapon)
Missiles
 n - 2 throwing nets (quivered)
Armour
 c - a +0 buckler (worn)
 g - a +0 cloak (worn)
 p - a +0 plate armour (worn)
Jewellery
 k - a +6 ring of strength (left hand)
 l - a ring of magical power
Scrolls
 e - 2 scrolls of fog {unknown}
 f - a scroll of enchant armour {unknown}
 h - a scroll of blinking {unknown}
 i - a scroll of poison {unknown}
 j - a scroll of identify {unknown}
 m - a scroll of teleportation {unknown}
Potions
 b - a potion of haste {unknown}
 d - 4 potions of curing {unknown}
 o - a potion of might


   Skills:
 + Level 4.7 Fighting
 * Level 5.2 Axes
 + Level 4.9 Armour
 - Level 3.6 Shields


You had 4 spell levels left.
You didn't know any spells.
Your spell library was empty.

Dungeon Overview and Level Annotations

Branches:
Dungeon (3/15)

Altars:

Shops:
D:1 [   D:2 *


Innate Abilities, Weirdness & Mutations

You have a pair of horns on your head.
You reflexively headbutt those who attack you in melee.


Message History

You hit the orc priest but do no damage.
You block the orc priest's attack.
You slash the orc!
You kill the orc!
You barely miss the orc priest. The orc priest hits you with a +0 mace.
You barely miss the orc priest.
The orc priest hits you but does no damage.
You hit the orc priest but do no damage.
Your headbutt misses the orc priest. You block the orc priest's attack.
The orc priest closely misses you.
You hit the orc priest. Your headbutt misses the orc priest.
The orc priest is moderately wounded.
The orc priest invokes the aid of Beogh against you.
Beogh smites you!
You closely miss the orc priest.
The orc priest is moderately wounded.
The orc priest hits you but does no damage.
You closely miss the orc priest.
The orc priest is moderately wounded.
The orc priest barely misses you.
You barely miss the orc priest.
The orc priest is moderately wounded.
The orc priest hits you with a +0 mace. x2
* * * LOW HITPOINT WARNING * * *
You closely miss the orc priest.
The orc priest is moderately wounded.
The orc priest invokes the aid of Beogh against you.
Pain shoots through your body!
* * * LOW HITPOINT WARNING * * *
You feel very mighty all of a sudden.
The orc priest hits you but does no damage.
You barely miss the orc priest.
The orc priest is moderately wounded.
The orc priest begins to cast a cantrip, but forgets the words!
You closely miss the orc priest.
The orc priest is moderately wounded.
The orc priest hits you but does no damage.
The orc priest invokes the aid of Beogh against you.
Beogh smites you!
You die...

# ### #.#####.#
........# # #
#.....#†######### #.#.
#...........# .....
#...#######.#
......####.#..#.###.#
..⌠..Ko@......#.....#
......####.#..#.#######
..... #.##.#........
<... #.. .#.####### .##
##########.#
...........#
########...# ##.#####
##......#


You could see an orc priest and a kobold.

Vanquished Creatures
  Terence (D:2)
  5 adders
  4 gnolls (D:2)
  2 worms (D:2)
  2 dart slugs
  4 orcs (D:3)
  5 ball pythons
  10 endoplasms
  3 giant cockroaches
  2 hobgoblins
  7 jackals (D:3)
  3 quokkas
  6 bats
  A frilled lizard (D:1)
  5 goblins
  5 kobolds
  6 rats
71 creatures vanquished.

Notes
Turn   | Place    | Note
-------+----------+-------------------------------------------
     0 | D:1      | groovy9 the Minotaur Fighter began the quest for the Orb.
     0 | D:1      | Reached XP level 1. HP: 19/19 MP: 0/0
   160 | D:1      | Found Uddeykk's Antique Armour Shoppe.
   251 | D:1      | Reached skill level 3 in Axes
   251 | D:1      | Reached XP level 2. HP: 18/27 MP: 1/1
  1082 | D:2      | Noticed Terence
  1088 | D:2      | Killed Terence
  1089 | D:2      | Reached XP level 3. HP: 33/33 MP: 2/2
  1108 | D:2      | Reached skill level 4 in Axes
  1159 | D:2      | Reached XP level 4. HP: 28/40 MP: 3/3
  1205 | D:2      | Found Wuer's General Store.
  1590 | D:2      | Reached XP level 5. HP: 44/47 MP: 4/4
  1756 | D:3      | Reached skill level 5 in Axes
  1934 | D:3      | Identified the +0 leather armour of Patterns {Will- rCorr
                  | Int+3 Stlth+}
  2011 | D:3      | Killed from afar by an orc priest

Illustrated notes

Levels and vault maps discovered:
D:1:      dpeg_arrival_another_circle, layout_loops_corners, serial_shops,
          nicolae_shop_waterfront, minivault_14
D:2:      layout_rooms, serial_shops, shop, st_stairs_6, uniq_terence
D:3:      layout_basic, chequers_serial_rivers_room_b, solitary_fountain,
          kennysheep_generic_room_6, uniq_robin

Skill      XL: |  1  2  3  4  5 |
---------------+----------------+-----
Axes           | 3 4 5 |  5.2
Armour         | 4 |  4.9
Fighting       | 4 |  4.7
Shields        | |  3.6

Action                     |  1- 3 |  4- 6 || total
---------------------------+-------+-------++-------
  Melee: War axe           |    42 |    90 ||   132
         Headbutt          |     7 |     9 ||    16
    Use: Potion            |     1 |     1 ||     2
 Armour: Scale mail        |    13 |       ||    13
         Chain mail        |     4 |    18 ||    22
         Plate armour      |       |    22 ||    22
  Dodge: Dodged            |    19 |    35 ||    54
  Block: Buckler           |     8 |    13 ||    21
